 Dungeon Crawl Stone Soup version 0.29-a0-218-gf2abdc9806 (webtiles) character file.

Game seed: 6698626426713036003

422 Ijustatesigmund the Chopper (level 6, 0/56 HPs)
             Began as a Hill Orc Fighter on Feb 25, 2022.
             Slain by Robin
             ... wielding a +2 spear of flaming
              (1 damage)
             ... on level 4 of the Dungeon.
             The game lasted 00:05:25 (3535 turns).

Ijustatesigmund the Chopper (Hill Orc Fighter)      Turns: 3535, Time: 00:05:27

Health: 0/56       AC: 11    Str: 25    XL:     6   Next: 95%
Magic:  6/6        EV:  8    Int: 10    God:
Gold:   203        SH:  4    Dex: 10    Spells: 5/5 levels left

rFire   . . .      SeeInvis .   a - +2 war axe
rCold   . . .      Faith    .   c - +0 buckler
rNeg    . . .      Spirit   .   b - +0 chain mail
rPois   .          Reflect  .   o - +1 hat
rElec   .          Harm     .   (no cloak)
rCorr   .          Rampage  .   (no gloves)
Will    +....                   n - +0 pair of boots
Stlth   ..........              (no amulet)
HPRegen 0.18/turn               j - ring of willpower
MPRegen 0.10/turn               f - +6 ring of strength

@: mighty, hasted, very quick
A: no striking features
a: Convert to Beogh


You were on level 4 of the Dungeon.
You visited 1 branch of the dungeon, and saw 4 of its levels.

You collected 203 gold pieces.

Inventory:

Hand Weapons
 a - a +2 war axe (weapon)
Missiles
 i - 4 poisoned darts (quivered)
Armour
 b - a +0 chain mail (worn)
 c - a +0 buckler (worn)
 n - a +0 pair of boots (worn)
 o - a +1 hat (worn)
Jewellery
 f - a +6 ring of strength (right hand)
 h - a ring of positive energy
 j - a ring of willpower (left hand)
Scrolls
 e - a scroll of holy word
 g - a scroll of amnesia
 p - a scroll of teleportation
Potions
 d - 3 potions of might
 k - a potion of magic
 l - a potion of curing
 m - a potion of berserk rage {unknown}
 r - a potion of mutation {unknown}


   Skills:
 + Level 5.3 Fighting
 * Level 6.7 Axes
 - Level 4.2 Armour
 - Level 0.7 Dodging
 - Level 4.3 Shields


You had 5 spell levels left.
You didn't know any spells.
Your spell library contained the following spells:

 Spells                   Type           Power      Damage    Failure   Level
 Foxfire                  Conj/Fire      0%         2x1d4     97%         1
 Shock                    Conj/Air       0%         1d3       97%         1
 Conjure Flame            Conj/Fire      0%         6-21      100%        3
 Inner Flame              Hex/Fire       0%         N/A       100%        3
 Swiftness                Air            0%         N/A       100%        3
 Airstrike                Air            0%         N/A       100%        4
 Flame Wave               Conj/Fire      0%         2d4       100%        4


Dungeon Overview and Level Annotations

Branches:
Dungeon (4/15)
 Temple: D:4-7

Altars:
Gozag
Vehumet

Annotations:
D:4 Robin


Message History

You kill the orc!
Robin hits you from afar with a +2 spear of flaming.
* * * LOW HITPOINT WARNING * * *
Robin burns you.
* * * LOW HITPOINT WARNING * * *
An orc priest comes into view. It is wielding a +0 flail.
The orc priest hits you with a +0 club.
* * * LOW HITPOINT WARNING * * *
Robin hits you but does no damage.
It was a potion of haste.
You feel yourself speed up.
The orc priest shouts!
The orc priest looks encouraged for a moment.
The orc priest invokes the aid of Beogh against you.
Pain shoots through your body!
* * * LOW HITPOINT WARNING * * *
Robin hits you but does no damage.
It was a potion of curing.
You feel better.
You feel as though your hastened speed will last longer.
The orc priest hits you with a +0 club.
* * * LOW HITPOINT WARNING * * *
Robin hits you but does no damage.
An orc comes into view. It is wielding a +0 falchion.
You slice the orc priest!!
You kill the orc priest!
Robin hits you from afar with a +2 spear of flaming.
* * * LOW HITPOINT WARNING * * *
Robin burns you.
* * * LOW HITPOINT WARNING * * *
You completely miss the orc priest.
The orc priest calls down the wrath of Beogh upon you.
Pain shoots through your body!
* * * LOW HITPOINT WARNING * * *
Robin hits you but does no damage.
You barely miss the orc priest.
An ufetubus comes into view.
The orc priest hits you but does no damage.
Robin hits you from afar with a +2 spear of flaming.
* * * LOW HITPOINT WARNING * * *
Robin burns you.
You die...

#5....(.
...>...
#...... ###
#(.$$$# ##.#
#..$_$. ##...
.$g$# #..#.
#oo# ##.##. .
#@# #..##. ..
#)## #.###.
#.# #..# #.#
## ...##.###
#.# #.
####.##...##
#.# #.
...........##
#.# #.
#####.......##
#.# #.
#........#
##.# #.
#........#
#..###.


You could see Robin, an orc priest, an orc and an ufetubus (wandering).

Vanquished Creatures
  A centaur (D:3)
  2 orc priests
  Jessica (D:3)
  3 orc wizards
  3 gnolls (D:3)
  5 adders
  An ufetubus (D:4)
  3 worms
  3 dart slugs
  9 orcs
  5 ball pythons
  5 bats
  5 endoplasms
  5 giant cockroaches
  11 goblins
  8 hobgoblins
  5 kobolds
  2 quokkas
  6 frilled lizards
  7 rats
90 creatures vanquished.

Notes
Turn   | Place    | Note
-------+----------+-------------------------------------------
     0 | D:1      | Ijustatesigmund the Hill Orc Fighter began the quest for
                  | the Orb.
     0 | D:1      | Reached XP level 1. HP: 19/19 MP: 1/1
   156 | D:1      | Reached skill level 3 in Axes
   182 | D:1      | Reached XP level 2. HP: 27/27 MP: 2/2
  1394 | D:2      | Reached XP level 3. HP: 26/33 MP: 3/3
  1758 | D:2      | Reached skill level 4 in Axes
  1840 | D:2      | Reached XP level 4. HP: 40/40 MP: 4/4
  2152 | D:3      | Reached XP level 5. HP: 47/47 MP: 5/5
  2180 | D:3      | Noticed Jessica
  2188 | D:3      | Killed Jessica
  2189 | D:3      | Reached skill level 5 in Axes
  2280 | D:3      | Found a radiant altar of Vehumet.
  2741 | D:3      | Reached XP level 6. HP: 53/53 MP: 6/6
  2904 | D:3      | Reached skill level 5 in Fighting
  2904 | D:3      | Reached skill level 6 in Axes
  3502 | D:4      | Found an opulent altar of Gozag.
  3508 | D:4      | Noticed Robin
  3535 | D:4      | HP: 1/56 [Robin/+2 spear of flaming (2)]
  3535 | D:4      | Slain by Robin

Illustrated notes

Levels and vault maps discovered:
D:1:      minmay_arrival_diagonal_passages, layout_basic
D:2:      minmay_razor_zed, layout_basic
D:3:      cheibrodos_helix_gallery, layout_loops_ring,
          mainiacjoe_overflow_brackets, uniq_jessica
D:4:      layout_rooms, nicolae_gozag_seed_capital,
          minmay_temple_entry_poolview, minmay_rat_hole, uniq_robin

Skill      XL: |  1  2  3  4  5  6 |
---------------+-------------------+-----
Axes           | 3 4 5 6 |  6.7
Fighting       | 4 5 |  5.3
Armour         | 4 |  4.2
Shields        | 4 |  4.3
Dodging        | |  0.7

Action                   |  1- 3 |  4- 6 || total
-------------------------+-------+-------++-------
Melee: War axe           |   106 |   125 ||   231
Throw: Dart              |       |     9 ||     9
  Use: Scroll            |     9 |     4 ||    13
       Potion            |       |     5 ||     5
Armor: Scale mail        |    49 |    24 ||    73
       Chain mail        |       |    53 ||    53
Dodge: Dodged            |    47 |    53 ||   100
Block: Buckler           |    20 |    23 ||    43

Table legend: (Time is in decaauts)
 A = Elapsed time spent in this place.
 B = Non-inter-level travel time spent in this place.
 C = Inter-level travel time spent in this place.
 D = Time resting spent in this place.
 E = Time spent auto-exploring this place.
 F = Levels seen in this place.
 G = Mean time per level.
                   A        B        C        D        E       F      G
               +--------+--------+--------+--------+--------+-----+--------+
         Total |   3603 |   3550 |     53 |    537 |   2430 |   4 |  900.8 |
       Dungeon |   3603 |   3550 |     53 |    537 |   2430 |   4 |  900.8 |
               +--------+--------+--------+--------+--------+-----+--------+

Top non-repeatable levels by time:
     D:3: 1498 daAuts
     D:1: 1270 daAuts
     D:2: 701 daAuts
     D:4: 134 daAuts
